 Dungeon Crawl Stone Soup version 0.22-a0-570-g58866f5 (webtiles) character file.

1246 Lianjan the Grasshopper (level 8, -3/64 HPs)
             Began as a Gnoll Warper on July 1, 2018.
             Killed by divine providence
             ... invoked by an orc priest
              (13 damage)
             ... on level 5 of the Dungeon.
             The game lasted 00:09:23 (4851 turns).

Lianjan the Grasshopper (Gnoll Warper)              Turns: 4851, Time: 00:09:23

Health: -3/64      AC: 11    Str: 13    XL:     8   Next: 50%
Magic:  17/17      EV: 14    Int: 18    God:
Gold:   237        SH:  0    Dex: 20    Spells: 6/19 levels left

rFire    . . .     SeeInvis .   a - +0 falchion
rCold    . . .     Gourm    .   (no shield)
rNeg     . . .     Faith    .   n - +0 ring mail
rPois    .         Spirit   .   c - +0 helmet
rElec    .         Reflect  .   (no cloak)
rCorr    +         Harm     .   v - +0 pair of gloves
MR       .....                  m - +2 pair of boots
Stlth    ++........             (no amulet)
HPRegen  0.20/turn              x - +5 ring of dexterity
MPRegen  0.15/turn              C - ring of resist corrosion

@: no status effects
A: distributed training, fangs 1, strong nose
a: no special abilities


You were on level 5 of the Dungeon.
You were not hungry.

You visited 1 branch of the dungeon, and saw 5 of its levels.

You collected 237 gold pieces.

Inventory:

Hand Weapons
 a - a +0 falchion (weapon)
Missiles
 e - 5 tomahawks of dispersal
 j - 42 bolts
 l - 61 poisoned needles
 p - 102 stones (quivered)
 s - 39 sling bullets
 B - 5 tomahawks
 D - 59 arrows
Armour
 c - a +0 helmet (worn)
 m - a +2 pair of boots (worn)
 n - a +0 ring mail (worn)
 v - a +0 pair of gloves (worn)
Jewellery
 x - a +5 ring of dexterity (left hand)
 C - a ring of resist corrosion (right hand)
 L - an uncursed ring of see invisible {unknown}
Wands
 y - a wand of digging (12)
 I - a wand of polymorph (9)
Scrolls
 d - a scroll of blinking
 i - 3 scrolls of enchant weapon {unknown}
 k - 3 scrolls of identify {unknown}
 o - 2 scrolls of teleportation {unknown}
 q - 3 scrolls of immolation {unknown}
 u - a scroll of remove curse {unknown}
 E - a scroll of enchant armour {unknown}
 G - a scroll of amnesia {unknown}
 H - 2 scrolls of noise {unknown}
 J - a scroll of fear {unknown}
 K - a scroll of random uselessness {unknown}
Potions
 g - a potion of might {unknown}
 h - 2 potions of haste
 r - 3 potions of degeneration {unknown}
 t - 2 potions of agility {unknown}
 w - a potion of brilliance {unknown}
 z - 2 potions of heal wounds {unknown}
 A - a potion of mutation {unknown}
 F - a potion of curing {unknown}
 M - a potion of lignification {unknown}
Comestibles
 b - 8 chunks of flesh
 f - 4 rations


   Skills:
 + Level 5.7 Fighting
 + Level 3.2 Short Blades
 + Level 5.7 Long Blades
 + Level 3.2 Axes
 + Level 3.2 Maces & Flails
 + Level 3.2 Polearms
 + Level 3.2 Staves
 + Level 3.2 Slings
 + Level 3.2 Bows
 + Level 3.2 Crossbows
 + Level 4.2 Throwing
 + Level 4.2 Armour
 + Level 5.7 Dodging
 + Level 3.2 Stealth
 + Level 3.2 Shields
 + Level 3.2 Unarmed Combat
 + Level 6.0 Spellcasting
 + Level 2.6 Conjurations
 + Level 2.6 Hexes
 + Level 2.6 Charms
 + Level 2.6 Summonings
 + Level 2.6 Necromancy
 + Level 6.1 Translocations
 + Level 2.6 Transmutations
 + Level 2.6 Fire Magic
 + Level 2.6 Ice Magic
 + Level 2.6 Air Magic
 + Level 2.6 Earth Magic
 + Level 2.6 Poison Magic
 + Level 3.6 Invocations
 + Level 3.2 Evocations


You had 6 spell levels left.
You knew the following spells:

 Your Spells              Type           Power        Failure   Level  Hunger
a - Blink                 Tloc           N/A          3%          2    None
b - Gell's Gravitas       Tloc           ####......   6%          3    ##.....
c - Lesser Beckoning      Tloc           ####......   6%          3    ##.....
d - Teleport Other        Tloc           ####....     6%          3    ##.....
e - Shroud of Golubria    Chrm/Tloc      ###.......   6%          2    None

Your spell library contained the following spells:

 Spells                   Type           Power        Failure   Level  Hunger
 Animate Dead             Necr           N/A          63%         4    ####...
 Pain                     Necr           ###.         9%          1    None
 Animate Skeleton         Necr           N/A          9%          1    None
 Vampiric Draining        Necr           ###.......   24%         3    ##.....
 Regeneration             Chrm/Necr      ###.......   24%         3    ##.....
 Passage of Golubria      Tloc           N/A          21%         4    ####...


Dungeon Overview and Level Annotations

Branches:
Dungeon (5/15)
 Temple: D:4-7

Altars:
Ashenzari
Dithmenos
Fedhas
Gozag
Makhleb
Nemelex Xobeh
Okawaru
Yredelemnul


Innate Abilities, Weirdness & Mutations

Your experience applies equally to all skills.
You have very sharp teeth.
Your uncanny sense of smell can sniff out nearby items.


Message History

You hit the orc priest but do no damage.
The orc priest is lightly wounded.
The orc priest hits you.
* * * LOW HITPOINT WARNING * * *
The orc priest hits you but does no damage.
Evoke which item? (* to show all) (? for menu, Esc to quit)
Okay, then.
You hit the orc priest.
The orc priest is moderately wounded.
The orc priest hits you but does no damage.
The orc priest invokes the aid of Beogh against you.
Pain shoots through your body!
* * * LOW HITPOINT WARNING * * *
You hit the orc priest but do no damage.
You bite the orc priest, but do no damage.
The orc priest is moderately wounded.
The orc priest hits you but does no damage.
The orc priest invokes the aid of Beogh against you.
Beogh smites you!
You die...

## ### ... ..# ## ##.#
#..## . .#####..#
...#####.. ...#>...#
#......... #......#
#.o....... ###....#
#oo# #...## #@## ##..##
#[# ##>..## ##.##
#.....## #...#
...#...########%..##
...##.....#........####
#..##..................
#.....########..####...
#.....# #..# ###


You could see 2 orc priests and an orc.

Vanquished Creatures
  Grinder (D:3)
  Eustachio (D:4)
  Menkaure (D:4)
  Edmund (D:4)
  An ogre (D:4)
  2 bullfrogs
  A vampire bat (D:5)
  A crimson imp (D:5)
  2 bullfrog zombies
  A bullfrog skeleton (D:4)
  A hound (D:5)
  An orc priest (D:4)
  Jessica (D:3)
  Ijyb (D:4)
  Natasha (twice) (D:3)
  Robin (D:3)
  A gnoll (D:1)
  3 adders
  4 worms
  2 dart slugs
  A leopard gecko (D:2)
  4 orcs
  14 bats
  4 giant cockroaches
  25 goblins
  8 hobgoblins
  8 jackals
  9 kobolds
  3 quokkas
  3 ball pythons
  7 frilled lizards
  7 rats
122 creatures vanquished.

Vanquished Creatures (others)
  4 toadstools (D:1)
4 creatures vanquished.

Grand Total: 126 creatures vanquished

Notes
Turn   | Place    | Note
-------+----------+-------------------------------------------
     0 | D:1      | Lianjan the Gnoll Warper began the quest for the Orb.
     0 | D:1      | Reached XP level 1. HP: 20/20 MP: 6/6
    44 | D:1      | Reached XP level 2. HP: 24/26 MP: 7/7
   540 | D:1      | Reached skill level 5 in Spellcasting
   540 | D:1      | Reached XP level 3. HP: 20/31 MP: 7/9
   673 | D:1      | Reached skill level 1 in Invocations
  1066 | D:2      | Reached skill level 1 in Short Blades
  1066 | D:2      | Reached skill level 1 in Axes
  1066 | D:2      | Reached skill level 1 in Maces & Flails
  1066 | D:2      | Reached skill level 1 in Polearms
  1066 | D:2      | Reached skill level 1 in Staves
  1066 | D:2      | Reached skill level 1 in Slings
  1066 | D:2      | Reached skill level 1 in Bows
  1066 | D:2      | Reached skill level 1 in Crossbows
  1066 | D:2      | Reached skill level 1 in Stealth
  1066 | D:2      | Reached skill level 1 in Shields
  1066 | D:2      | Reached skill level 1 in Unarmed Combat
  1066 | D:2      | Reached skill level 1 in Evocations
  1085 | D:2      | Reached XP level 4. HP: 38/38 MP: 11/11
  1499 | D:2      | Reached skill level 1 in Conjurations
  1499 | D:2      | Reached skill level 1 in Hexes
  1499 | D:2      | Reached skill level 1 in Charms
  1499 | D:2      | Reached skill level 1 in Summonings
  1499 | D:2      | Reached skill level 1 in Necromancy
  1499 | D:2      | Reached skill level 1 in Transmutations
  1499 | D:2      | Reached skill level 1 in Fire Magic
  1499 | D:2      | Reached skill level 1 in Ice Magic
  1499 | D:2      | Reached skill level 1 in Air Magic
  1499 | D:2      | Reached skill level 1 in Earth Magic
  1499 | D:2      | Reached skill level 1 in Poison Magic
  1883 | D:2      | Found a basalt altar of Yredelemnul.
  1972 | D:3      | Reached XP level 5. HP: 43/43 MP: 12/12
  1982 | D:3      | Found a shadowy altar of Dithmenos.
  2009 | D:3      | Found a blossoming altar of Fedhas.
  2216 | D:3      | Noticed Jessica
  2220 | D:3      | Killed Jessica
  2235 | D:3      | Reached XP level 6. HP: 50/50 MP: 13/13
  2286 | D:3      | Noticed Grinder
  2286 | D:3      | Noticed Robin
  2291 | D:3      | HP: 2/50 [Grinder (5)]
  2629 | D:3      | Paralysed by Grinder for 3 turns
  2636 | D:3      | Paralysed by Grinder for 6 turns
  2644 | D:3      | Killed Grinder
  2644 | D:3      | Reached skill level 5 in Fighting
  2644 | D:3      | Reached skill level 5 in Long Blades
  2644 | D:3      | Reached skill level 5 in Dodging
  2872 | D:3      | Killed Robin
  2872 | D:3      | Reached XP level 7. HP: 50/56 MP: 15/15
  2999 | D:3      | Noticed Natasha
  3011 | D:3      | Killed Natasha
  3097 | D:3      | Found an opulent altar of Gozag.
  3425 | D:3      | Found a faded altar of an unknown god.
  3428 | D:3      | Noticed Natasha
  3439 | D:3      | Killed Natasha
  3525 | D:4      | Noticed Ijyb
  3556 | D:4      | Killed Ijyb
  3655 | D:4      | Noticed Eustachio
  3672 | D:4      | Killed Eustachio
  3893 | D:4      | Found a sparkling altar of Nemelex Xobeh.
  3932 | D:4      | Noticed Edmund
  3939 | D:4      | Killed Edmund
  4094 | D:4      | Noticed Menkaure
  4099 | D:4      | Killed Menkaure
  4099 | D:4      | Reached XP level 8. HP: 33/63 MP: 16/16
  4242 | D:4      | Learned a level 2 spell: Blink
  4246 | D:4      | Learned a level 3 spell: Gell's Gravitas
  4250 | D:4      | Learned a level 3 spell: Lesser Beckoning
  4254 | D:4      | Learned a level 3 spell: Teleport Other
  4262 | D:4      | Learned a level 2 spell: Shroud of Golubria
  4458 | D:5      | Entered Level 5 of the Dungeon
  4520 | D:5      | Found a burning altar of Makhleb.
  4520 | D:5      | Found a faded altar of an unknown god.
  4525 | D:5      | Found a shattered altar of Ashenzari.
  4527 | D:5      | Found a faded altar of an unknown god.
  4529 | D:5      | Found an iron altar of Okawaru.
  4851 | D:5      | Killed from afar by an orc priest

Vault maps used:
D:1:      ldierk_walled_garden_2
D:2:      lemuel_crystal_altar
D:3:      kennysheep_the_goblin_king, nicolae_dithmenos_shadow_blocks,
          overflow_temple_1_default, chequers_ecumenical_altar_simple_redux,
          nicolae_gozag_seed_capital, uniq_jessica, uniq_natasha, uniq_robin,
          uniq_grinder
D:4:      kennysheep_mini, kennysheep_generic_room_13, uniq_ijyb,
          uniq_eustachio, uniq_menkaure, uniq_edmund
D:5:      chequers_temple_overflow_minitemple, first_ration,
          minmay_guarded_unrand_vampires_tooth

Skill      XL: |  1  2  3  4  5  6  7  8 |
---------------+-------------------------+-----
Spellcasting   | 5 6 |  6.0
Invocations    | 1 2 3 |  3.6
Short Blades   | 1 2 3 |  3.2
Axes           | 1 2 3 |  3.2
Maces & Flails | 1 2 3 |  3.2
Polearms       | 1 2 3 |  3.2
Staves         | 1 2 3 |  3.2
Slings         | 1 2 3 |  3.2
Bows           | 1 2 3 |  3.2
Crossbows      | 1 2 3 |  3.2
Stealth        | 1 2 3 |  3.2
Shields        | 1 2 3 |  3.2
Unarmed Combat | 1 2 3 |  3.2
Evocations     | 1 2 3 |  3.2
Conjurations   | 1 2 |  2.6
Hexes          | 1 2 |  2.6
Charms         | 1 2 |  2.6
Summonings     | 1 2 |  2.6
Necromancy     | 1 2 |  2.6
Transmutations | 1 2 |  2.6
Fire Magic     | 1 2 |  2.6
Ice Magic      | 1 2 |  2.6
Air Magic      | 1 2 |  2.6
Earth Magic    | 1 2 |  2.6
Poison Magic   | 1 2 |  2.6
Throwing       | 3 4 |  4.2
Armour         | 3 4 |  4.2
Fighting       | 5 |  5.7
Long Blades    | 5 |  5.7
Dodging        | 5 |  5.7
Translocations | 6 |  6.1

Action                   |  1- 3 |  4- 6 |  7- 9 || total
-------------------------+-------+-------+-------++-------
Melee: Falchion          |    88 |   132 |   202 ||   422
       Bite              |    15 |    15 |    35 ||    65
       Punch             |     1 |     1 |     5 ||     7
       Unarmed           |       |       |     9 ||     9
Evoke: Wand              |       |     3 |     8 ||    11
  Use: Scroll            |       |     1 |       ||     1
 Stab: Sleeping          |     1 |       |     2 ||     3
  Eat: Chunk             |     1 |     5 |     7 ||    13
Armor: Leather armour    |     6 |       |       ||     6
       Ring mail         |    26 |    63 |    85 ||   174
Dodge: Dodged            |    75 |   112 |   139 ||   326
       Rpst.: Falchion   |    21 |    30 |    35 ||    86

Table legend:
 A = Spawn XP
 B = Non-spawn XP
 C = Spawn XP percentage of total XP
 D = Spawn monster count
 E = Non-spawn monster count
 F = Spawn count percentage of total count
 G = Total turns spent on level
                    A         B        C        D         E        F      G
               +---------+---------+-------+---------+---------+-------+---------
         Total |       0 |    1780 |   0.0 |       0 |     122 |   0.0 |  4851
               +---------+---------+-------+---------+---------+-------+---------
           D:1 |       0 |      61 |   0.0 |       0 |      27 |   0.0 |   956
           D:2 |       0 |     102 |   0.0 |       0 |      23 |   0.0 |  1304
           D:3 |       0 |     554 |   0.0 |       0 |      44 |   0.0 |  1339
           D:4 |       0 |     758 |   0.0 |       0 |      13 |   0.0 |   859
           D:5 |       0 |     305 |   0.0 |       0 |      15 |   0.0 |   393
               +---------+---------+-------+---------+---------+-------+---------
